AoeStats
← Fingolfin

MegaRandom

510150246Analyzed
3v3 RM · 2d ago on Sep 29, 2026· 58m 9s· 6 players
Game mode
Random Map
Map size
Normal (6 player)
Population
200
Speed
Normal
Resources
Standard
Victory
Conquest
Starting age
Dark Age
Ending age
Imperial Age
RankedLock teamsTeams togetherTeam positionsShared explorationLock speedFull tech treeHidden civsTurbo modeCheats
Victory
Defeat
🇭🇺 Byzantines · Hungary
958
+27
🇭🇺 Mongols · Hungary
934
+16
🇭🇺 Romans · Hungary
906
+29
🇩🇪 Maya · Germany
970
-17
🇮🇹 Persians · Italy
970
-17
🇹🇷 Japanese · Türkiye
871
-14
Vipi
10:07 Loom
11:58 Feudal Age
13:18 Man-at-Arms
13:55 Double-Bit Axe
16:44 Scale Mail Armor
16:55 Forging
21:11 Castle Age
22:14 Chain Mail Armor
23:53 Fletching
24:03 Padded Archer Armor
25:54 Bodkin Arrow
26:14 Leather Archer Armor
27:43 Iron Casting
27:30 Bow Saw
27:02 Horse Collar
27:55 Long Swordsman
30:30 Squires
41:34 Imperial Age
43:31 Blast Furnace
43:03 Ring Archer Armor
43:37 Gold Mining
43:51 Heavy Plow
44:06 Ballistas
45:13 Gold Shaft Mining
45:07 Ballistics
45:21 Legionary
47:33 Heavy Scorpion
52:40 Elite Centurion
Klaroxy
1:11 Loom
10:32 Feudal Age
11:14 Double-Bit Axe
19:02 Stone Mining
19:20 Horse Collar
23:05 Castle Age
21:53 Scale Barding Armor
21:59 Forging
24:14 Chain Barding Armor
27:00 Bow Saw
26:41 Pikeman
27:28 Squires
28:27 Husbandry
30:48 Heavy Plow
32:34 Iron Casting
37:11 Imperial Age
36:24 Wheelbarrow
37:22 Elite Cataphract
39:13 Caravan
40:07 Hand Cart
41:02 Plate Barding Armor
44:22 Two-Man Saw
44:10 Logistica
44:44 Gold Mining
46:19 Conscription
46:51 Halberdier
50:20 Sanctity
50:14 Fervor
50:25 Scale Mail Armor
51:39 Chain Mail Armor
Danath_A_Szarevő
6:16 Loom
9:05 Feudal Age
20:03 Castle Age
18:50 Bloodlines
19:16 Gold Mining
19:33 Scale Barding Armor
19:41 Double-Bit Axe
19:46 Horse Collar
20:46 Husbandry
22:10 Forging
24:48 Chain Barding Armor
26:58 Iron Casting
26:35 Bow Saw
27:12 Heavy Plow
28:39 Gold Shaft Mining
29:33 Stone Mining
29:35 Fletching
31:42 Wheelbarrow
35:06 Stone Shaft Mining
42:15 Imperial Age
42:49 Thumb Ring
42:42 Bodkin Arrow
42:47 Padded Archer Armor
44:32 Hand Cart
46:08 Conscription
48:06 Bracer
49:10 Chemistry
49:20 Parthian Tactics
48:26 Elite Mangudai
56:35 Ballistics
56:20 Siege Engineers
KingKongKeule
0:34 Loom
11:04 Feudal Age
18:31 Castle Age
20:30 Crossbowman
24:52 Fletching
25:39 Padded Archer Armor
27:35 Eagle Warrior
29:54 Wheelbarrow
30:14 Double-Bit Axe
31:06 Hand Cart
31:14 Pikeman
33:00 Bodkin Arrow
33:16 Forging
40:47 Imperial Age
38:39 Gold Mining
40:04 Bow Saw
39:40 Elite Skirmisher
40:24 Hul'che Javelineers
42:51 Conscription
43:02 Holcans
42:42 Thumb Ring
43:59 Ballistics
43:51 Fortified Wall
43:23 Capped Ram
45:19 Iron Casting
44:48 Horse Collar
46:10 Two-Man Saw
46:17 Siege Ram
46:59 Elite Eagle Warrior
48:19 Bracer
50:22 Blast Furnace
49:41 Heavy Plow
52:45 Halberdier
55:33 Chemistry
56:25 Arbalester
Fingolfin
0:28 Loom
9:54 Feudal Age
17:44 Forging
24:17 Castle Age
22:32 Double-Bit Axe
23:38 Scale Mail Armor
25:57 Bow Saw
26:46 Stone Mining
27:07 Squires
26:28 Pikeman
29:25 Iron Casting
43:42 Wheelbarrow
43:45 Horse Collar
44:47 Elite Skirmisher
45:47 Fletching
50:50 Imperial Age
48:18 Gold Mining
48:35 Padded Archer Armor
49:47 Bodkin Arrow
51:55 Conscription
51:38 Bracer
51:01 Halberdier
53:17 Leather Archer Armor
54:36 Ring Archer Armor
59:36 Blast Furnace
Fil
0:27 Loom
12:05 Feudal Age
12:20 Horse Collar
13:33 Double-Bit Axe
20:36 Castle Age
19:05 Scale Barding Armor
20:01 Scale Mail Armor
20:14 Forging
21:12 Bloodlines
23:31 Heavy Plow
24:31 Husbandry
25:35 Pikeman
26:16 Squires
29:50 Wheelbarrow
31:22 Chain Barding Armor
32:34 Hand Cart
41:03 Imperial Age
39:28 Iron Casting
39:09 Chain Mail Armor
39:59 Gold Mining
40:53 Cavalier
43:31 Gold Shaft Mining
44:45 Savar
46:09 Conscription
46:28 Plate Barding Armor
46:54 Blast Furnace
Connection lost

Rejoining the realm…

Still unreachable

The connection could not be restored.

Session expired

The server has moved on; the page needs a fresh start.